 Dungeon Crawl Stone Soup version 0.25-a0-578-gc91f01c39c (webtiles) character file.

Game seed: 12834470710419628542, levelgen mode: deterministic

346087 ReteAZ the Black Belt (level 22, -5/173 HPs)
             Began as a Gnoll Gladiator on Mar 7, 2020.
             Was the Champion of Cheibriados.
             Killed by drain life
             ... invoked by a soul eater
              (20 damage)
             ... on level 2 of the Depths.
             The game lasted 02:27:28 (52787 turns).

ReteAZ the Black Belt (Gnoll Gladiator)            Turns: 52787, Time: 02:27:28

Health: -5/173     AC: 26    Str: 36    XL:     22   Next: 11%
Magic:  40/40      EV: 31    Int: 33    God:    Cheibriados [******]
Gold:   4405       SH:  0    Dex: 39    Spells: 28/49 levels left

rFire    + + +     SeeInvis +     - Unarmed
rCold    + + +     Gourm    .   v - +0 kite shield
rNeg     . . .     Faith    .   I - +6 scale mail of the Monk {Dex+6}
rPois    +         Spirit   .   y - +2 helmet {SInv}
rElec    +         Reflect  +   Y - scarf {rC+ rF+}
rCorr    +         Harm     .   V - +2 pair of gloves {Str+3}
MR       +....                  Z - +2 pair of boots of Claustrophobia {rElec rC+}
Stlth    +.........             B - +3 amulet of reflection
HPRegen  0.38/turn              m - ring of protection from fire
MPRegen  0.27/turn              T - ring of protection from cold

@: confused, resistant, silenced, very slow
A: distributed training, fangs 1, strong nose
}: 2/15 runes: barnacled, gossamer
a: Renounce Religion


You were on level 2 of the Depths.
You worshipped Cheibriados.
Cheibriados was exalted by your worship.
You were not hungry.

You visited 8 branches of the dungeon, and saw 38 of its levels.
You visited the Abyss 1 time.
You also visited: Sewer and Volcano.

You collected 5336 gold pieces.
You spent 931 gold pieces at shops.

Inventory:

Hand Weapons
 K - the +8 dagger of Iconoclasm {vorpal, rF+ rC+ Int+4 Dex-5}
   (You found it on level 6 of the Dungeon)

   It inflicts extra damage upon your enemies.
   It affects your intelligence (+4).
   It affects your dexterity (-5).
   It protects you from fire.
   It protects you from cold.
Missiles
 c - 16 throwing nets
 H - 59 silver javelins (quivered)
Armour
 v - a +0 kite shield (worn)
 y - a +2 helmet of see invisible (worn)
 I - the +6 scale mail of the Monk (worn) {Dex+6}
   (You found it on level 6 of the Dungeon)

   It affects your dexterity (+6).
   If you remove this armour, your AC will decrease by 16 (26 -> 10).
 V - a +2 pair of gloves of strength (worn)
 Y - a scarf of resistance (worn)
 Z - the +2 pair of boots of Claustrophobia (worn) {rElec rC+}
   (You found it on level 2 of the Shoals)

   It protects you from cold.
   It insulates you from electricity.
   If you remove this armour, your AC will decrease by 3 (26 -> 23).
Jewellery
 f - an uncursed ring of poison resistance
 m - a ring of protection from fire (left hand)
 t - an uncursed ring of wizardry
 B - a +3 amulet of reflection (around neck)
 T - a ring of protection from cold (right hand)
 X - an uncursed ring of wizardry
Wands
 a - a wand of digging (9)
 i - a wand of acid (16)
 l - a wand of enslavement (12)
 q - a wand of scattershot (9)
 x - a wand of iceblast (36)
 A - a wand of flame (96)
 L - a wand of paralysis (26)
 P - a wand of disintegration (19)
 U - a wand of polymorph (16)
Scrolls
 e - 7 scrolls of teleportation
 g - 12 scrolls of identify
 h - 5 scrolls of enchant weapon
 k - 5 scrolls of enchant armour
 r - 8 scrolls of blinking
 z - a scroll of summoning
 C - 3 scrolls of magic mapping
 G - 2 scrolls of brand weapon
 M - 4 scrolls of fog
 N - 5 scrolls of amnesia
 O - 14 scrolls of remove curse
 Q - 5 scrolls of fear
Potions
 b - 2 potions of cancellation
 j - a potion of ambrosia
 n - 7 potions of curing
 o - 7 potions of stabbing
 s - 15 potions of flight
 u - 3 potions of mutation
 w - a potion of invisibility
 D - 3 potions of magic
 F - 10 potions of might
 J - 3 potions of berserk rage {unknown}
 S - 4 potions of brilliance
 W - 2 potions of resistance
Miscellaneous
 E - a sack of spiders
Comestibles
 d - 66 rations


   Skills:
 + Level 14.7 Fighting
 + Level 14.1 Short Blades
 + Level 14.1 Long Blades
 + Level 14.1 Axes
 + Level 14.1 Maces & Flails
 + Level 14.1 Polearms
 + Level 14.1 Staves
 + Level 14.1 Slings
 + Level 14.1 Bows
 + Level 14.1 Crossbows
 + Level 14.7 Throwing
 + Level 14.1 Armour
 + Level 15.3 Dodging
 + Level 14.1 Stealth
 + Level 14.1 Shields
 + Level 15.3 Unarmed Combat
 + Level 14.1 Spellcasting
 + Level 12.2 Conjurations
 + Level 12.2 Hexes
 + Level 12.2 Charms
 + Level 12.2 Summonings
 + Level 12.2 Necromancy
 + Level 12.2 Translocations
 + Level 12.2 Transmutations
 + Level 12.2 Fire Magic
 + Level 12.2 Ice Magic
 + Level 12.2 Air Magic
 + Level 12.2 Earth Magic
 + Level 12.2 Poison Magic
 + Level 15.2 Invocations
 + Level 14.1 Evocations


You had 28 spell levels left.
You knew the following spells:

 Your Spells              Type           Power        Failure   Level  Hunger
a - Summon Lightning Spi  Summ/Air       #######.     1%          4    None
b - Apportation           Tloc           ######       1%          1    None
c - Silence               Hex/Air        #######...   1%          5    None
d - Fireball              Conj/Fire      #######...   1%          5    None
e - Deflect Missiles      Chrm/Air       #######...   3%          6    ###....

Your spell library contained the following spells:

 Spells                   Type           Power        Failure   Level  Hunger
 Animate Skeleton         Necr           N/A          1%          1    None
 Beastly Appendage        Tmut           ######       1%          1    None
 Corona                   Hex            #######      1%          1    None
 Foxfire                  Conj/Fire      ####         1%          1    None
 Infusion                 Chrm           ####         1%          1    None
 Magic Dart               Conj           ####         1%          1    None
 Pain                     Necr           ####         1%          1    None
 Shock                    Conj/Air       ####         1%          1    None
 Summon Small Mammal      Summ           ####         1%          1    None
 Blink                    Tloc           N/A          1%          2    None
 Call Imp                 Summ           #######.     1%          2    None
 Corpse Rot               Necr/Air       N/A          1%          2    None
 Poisonous Vapours        Pois/Air       ######       1%          2    None
 Searing Ray              Conj           ######       1%          2    None
 Shroud of Golubria       Chrm/Tloc      ######       1%          2    None
 Slow                     Hex            #######.     1%          2    None
 Song of Slaying          Chrm           #######.     1%          2    None
 Sticks to Snakes         Tmut           #######.     1%          2    None
 Sublimation of Blood     Necr           #######...   1%          2    None
 Call Canine Familiar     Summ           #######.     1%          3    None
 Confusing Touch          Hex            #######.     1%          3    None
 Conjure Flame            Conj/Fire      #######.     1%          3    None
 Dazzling Flash           Conj/Hex       ######       1%          3    None
 Gell's Gravitas          Tloc           #######...   1%          3    None
 Inner Flame              Hex/Fire       #######.     1%          3    None
 Lesser Beckoning         Tloc           #######...   1%          3    None
 Mephitic Cloud           Conj/Pois/Air  #######.     1%          3    None
 Ozocubu's Armour         Chrm/Ice       #######.     1%          3    None
 Portal Projectile        Hex/Tloc       ######       1%          3    None
 Spectral Weapon          Hex/Chrm       #######.     1%          3    None
 Spider Form              Tmut/Pois      #######...   1%          3    None
 Static Discharge         Conj/Air       #######.     1%          3    None
 Summon Guardian Golem    Hex/Summ       #######.     1%          3    None
 Teleport Other           Tloc           #######.     1%          3    None
 Vampiric Draining        Necr           #######...   1%          3    None
 Animate Dead             Necr           N/A          1%          4    None
 Dispel Undead            Necr           #######.     1%          4    None
 Fulminant Prism          Conj/Hex       #######...   1%          4    None
 Hailstorm                Conj/Ice       #######.     1%          4    None
 Ice Form                 Ice/Tmut       #######.     1%          4    None
 Iskenderun's Mystic Bla  Conj/Tloc      #######.     1%          4    None
 Passage of Golubria      Tloc           N/A          1%          4    None
 Petrify                  Tmut/Erth      #######.     1%          4    None
 Sticky Flame             Conj/Fire      #######.     1%          4    None
 Summon Ice Beast         Ice/Summ       #######.     1%          4    None
 Agony                    Necr           #######.     1%          5    None
 Blade Hands              Tmut           #######...   1%          5    None
 Excruciating Wounds      Chrm/Necr      #######...   1%          5    None
 Irradiate                Conj/Tmut      #######...   1%          5    None
 Lightning Bolt           Conj/Air       #######...   1%          5    None
 Metabolic Englaciation   Hex/Ice        #######...   1%          5    None
 Yara's Violent Unravell  Hex/Tmut       #######...   1%          5    None
 Conjure Ball Lightning   Conj/Air       #######...   3%          6    ###....
 Freezing Cloud           Conj/Ice/Air   #######...   3%          6    ###....
 Iron Shot                Conj/Erth      #######...   3%          6    ###....
 Ring of Flames           Chrm/Fire      #######...   19%         7    #####..
 Ignition                 Fire           #######...   80%         8    ######.
 Shatter                  Erth           #######...   100%        9    #######
 Tornado                  Air            #######...   100%        9    #######


Dungeon Overview and Level Annotations

Branches:
Dungeon (15/15)            Temple (1/1) D:4            Lair (6/6) D:9
 Shoals (4/4) Lair:2       Spider (4/4) Lair:4        Slime (0/5) Lair:5
    Orc (2/2) D:11            Elf (0/3) Orc:2        Vaults (4/5) D:14
  Crypt (0/3) Vaults:2     Depths (2/5) D:15          Sewer (visited)
Volcano (visited)

Altars:
Ashenzari
Cheibriados
Dithmenos
Fedhas
Gozag
Hepliaklqana
Kikubaaqudgha
Nemelex Xobeh
Okawaru
Qazlal
Ru
Sif Muna
Trog
Uskayaw
Vehumet
Wu Jian
Yredelemnul
Zin
The Shining One
Beogh

Shops:
D:5 :*   D:7 !   D:12 =   Orc:2 [:}}%   Vaults:1 (

Portals:
Hell: Depths:1 Depths:2
Abyss: Depths:1 Depths:2*
Pandemonium: Depths:1 Depths:2

Annotations:
Lair:1 1 runed translucent door, Xuokyil's ghost, journeyman GnBe
Lair:2 exclusion: 2 oklob plants
Lair:5 exclusion: oklob plant
Lair:6 3 runed translucent doors, Piu's ghost, journeyman GnTm; SpaceButler's ghost, journeyman DsNe
Vaults:2 3 runed translucent doors, Giunugho's ghost, veteran MiFi
Depths:2 2 transporters, 1 runed door, Xeugg's ghost, adept DsGl


Innate Abilities, Weirdness & Mutations

Your experience applies equally to all skills.
You have very sharp teeth.
Your uncanny sense of smell can sniff out nearby items.


Message History

The storm dragon simulacrum is almost destroyed.
The shadow closely misses you.
Evoke which item? (* to show all) (? for menu, Esc to quit)
Aiming: Corrosive Bolt
Press: ? - help, Shift-Dir - straight line, f/p - curse skull
Aim: a curse skull (silenced, heavily damaged, covered in acid)
The bolt of acid hits the curse skull!!
The curse skull is splashed with acid.
The curse skull seems to be corroded for longer.
You destroy the curse skull!
Cheibriados appreciates the change of pace.
The shadow disappears in a puff of smoke!
The storm dragon simulacrum disappears in a puff of smoke!
A soul eater comes into view.
The soul eater draws from the surrounding life force!
* * * LOW HITPOINT WARNING * * *
You are confused.
You feel invigorated.
You bump into the stone wall.
The soul eater draws from the surrounding life force!
You die...

###......# #.....#
#..# #####.##
####### #### ###
## ########## #
#.p#q.#..#e.#
##################
#..............#p#
#..3...@.......#.#
#..##########..###
##..#. ∆∆∆#..###
#..# ∆∆∆#..#q#
##### #..###
∆∆∆#..#.#
....######..#.#
#..####
###......#..#m#
#.....#
#...#..'..###
+.....#
##.....#..#.#
#.....#


You could see a white draconian annihilator, a soul eater and a necromancer.

Vanquished Creatures
  Frederick (Vaults:4)
  Nikola (Shoals:1)
  Rupert (D:15)
  7 sphinxes
  A tengu reaver (Depths:2)
  Kirke (Lair:4)
  3 frost giants
  Ilsuiw (Shoals:2)
  A balrug (Depths:1)
  2 deep elf sorcerers (Vaults:2)
  6 emperor scorpions
  2 orc warlords
  7 vault wardens
  Aizul (Vaults:4)
  3 ghost moths (Spider:4)
  A curse skull (Depths:2)
  A draconian stormcaller (Abyss:2)
  5 very ugly things
  5 entropy weavers
  7 ironheart preservers
  6 stone giants
  3 deep elf demonologists
  A vampire knight (Depths:1)
  Azrael (Orc:2)
  4 ettins
  4 dire elephants (Lair:6)
  6 fire dragons
  A blizzard demon (Abyss:2)
  8 merfolk javelineers
  Josephine (D:14)
  10 merfolk impalers
  7 yaktaur captains
  3 ice dragons
  A great orb of eyes (Depths:1)
  Harold (D:9)
  A naga warrior (Abyss:2)
  4 rakshasas
  7 vault guards
  3 merfolk avatars
  A catoblepas (D:13)
  11 hydras
  A spriggan air mage (Depths:1)
  An anaconda (Lair:6)
  20 two-headed ogres
  Erica (D:8)
  5 centaur warriors
  3 death knights
  3 ogre magi
  5 merfolk aquamancers
  6 deep troll shamans
  3 tengu warriors
  An alligator snapping turtle (Shoals:2)
  18 death yaks
  2 satyrs (Shoals:4)
  3 thrashing horrors (Abyss:2)
  5 deep troll earth magi
  An orc high priest (Orc:2)
  2 deep elf knights (Vaults:2)
  6 hell knights (Depths:2)
  A wretched star (Abyss:2)
  8 soul eaters
  Urug (Orc:2)
  19 skeletal warriors
  12 deep trolls
  A storm dragon skeleton (Vaults:2)
  13 sea snakes
  3 iron trolls
  An unseen horror (D:13)
  A torturous demonspawn (Depths:1)
  3 flayed ghosts
  2 glowing orange brains
  5 wizards
  3 deep elf archers
  13 ironbrand convokers
  2 necromancers
  8 orc knights
  A lindwurm (Volcano)
  A wolf spider zombie (D:15)
  6 orb spiders
  15 wolf spiders
  27 harpies
  6 deep elf magi
  A harpy (shapeshifter) (Depths:2)
  35 ugly things
  7 orc sorcerers
  9 fauns
  5 cyclopes
  A moth of wrath (Spider:1)
  22 manticores
  3 elephants (Lair:6)
  9 vault sentinels
  2 frost giant skeletons (Vaults:2)
  7 merfolk sirens
  5 human skeletons (Vaults:2)
  A stone giant skeleton (Vaults:2)
  5 black mambas
  Joseph (D:9)
  A smoke demon (Abyss:2)
  A gargoyle (D:14)
  6 spiny frogs
  3 torpor snails
  11 water nymphs
  A komodo dragon (shapeshifter) (Vaults:4)
  2 rime drakes
  8 komodo dragons
  16 yaktaurs
  An efreet (D:13)
  12 demonic crawlers
  10 freezing wraiths
  A rime drake (shapeshifter) (D:15)
  6 tengu conjurers
  2 ancient zymes (Abyss:2)
  3 meliai (D:13)
  A yaktaur skeleton (Vaults:2)
  25 jumping spiders
  A meliai (shapeshifter) (Abyss:2)
  A wind drake (Shoals:4)
  A polar bear (Vaults:1)
  A hornet (shapeshifter) (Depths:1)
  3 hornets
  40 merfolk
  6 trolls
  11 slime creatures
  A blink frog (shapeshifter) (Vaults:1)
  12 hippogriffs
  2 small abominations (Abyss:2)
  A raiju (Abyss:2)
  9 dream sheep
  A harpy skeleton (D:15)
  25 blink frogs
  A hippogriff (shapeshifter) (Depths:1)
  16 snapping turtles
  2 shadows
  A centaur simulacrum (D:15)
  An ettin skeleton (Vaults:2)
  A spriggan (shapeshifter) (Abyss:2)
  29 tarantellas
  76 redbacks
  15 yaks
  8 water elementals
  A tarantella (shapeshifter) (Vaults:3)
  6 wraiths
  4 wyverns
  A vampire (D:10)
  13 fire bats (Volcano)
  21 humans
  3 basilisks
  6 large abominations (Abyss:2)
  A chaos spawn (Abyss:2)
  5 hogs
  A golden eye (shapeshifter) (Depths:1)
  2 fire elementals (Orc:2)
  Menkaure (D:6)
  6 hungry ghosts
  5 vampire mosquitoes (D:13)
  3 steam dragons
  5 wargs
  A two-headed ogre zombie (D:11)
  2 acid dragons (Vaults:2)
  A deep troll skeleton (Vaults:2)
  Duvessa (D:7)
  19 water moccasins
  9 porcupines
  Purgy (Sewer)
  31 orc warriors
  3 hell hounds
  5 ice beasts
  An eye of draining (Abyss:2)
  An ogre (shapeshifter) (D:15)
  2 black bears
  4 sky beasts
  10 ogres
  A snapping turtle zombie (Abyss:2)
  2 wolves (Lair:4)
  23 boggarts
  11 centaurs
  14 crocodiles
  An elf skeleton (Vaults:2)
  A big kobold (D:12)
  20 bullfrogs
  Dowan (D:7)
  6 scorpions
  5 killer bees
  17 wights
  5 electric eels
  5 howler monkeys
  6 lava snakes (Volcano)
  7 crimson imps
  8 centaur zombies
  2 jellies (D:11)
  10 hounds
  30 orc wizards
  2 centaur skeletons
  23 orc priests
  A bullfrog skeleton (D:13)
  5 iguanas
  11 worker ants
  Natasha (D:2)
  7 ogre zombies (D:11)
  3 hound skeletons
  2 mummies (D:13)
  A worker ant zombie (D:6)
  A howler monkey zombie (D:6)
  Robin (D:4)
  12 adders
  11 gnolls
  A howler monkey skeleton (D:11)
  3 shadow imps
  An ooze (D:2)
  An adder skeleton (D:7)
  4 worms
  2 dart slugs
  3 leopard geckos
  78 orcs
  7 bats
  10 giant cockroaches
  4 hobgoblins
  12 jackals
  2 quokkas
  6 ball pythons
  A ball python skeleton (D:4)
  12 frilled lizards
  17 goblins
  3 goblin skeletons (D:11)
  2 hobgoblin zombies (D:11)
  A jackal skeleton (D:4)
  10 kobolds
  A leopard gecko zombie (D:5)
  4 orc skeletons (D:11)
  16 orc zombies (D:11)
  A quokka skeleton (D:4)
  5 rats
  9 plants
1514 creatures vanquished.

Vanquished Creatures (collateral kills)
  A vault warden (Vaults:4)
  An emperor scorpion (Spider:4)
  5 ironheart preservers
  A very ugly thing (Depths:2)
  An entropy weaver (Vaults:3)
  A dire elephant (Lair:6)
  Snorg (Lair:4)
  2 hydras
  A great orb of eyes (Depths:1)
  An ogre mage (Depths:1)
  2 vault guards
  2 catoblepae (Lair:6)
  A centaur warrior (Depths:1)
  A two-headed ogre (Depths:1)
  6 death yaks
  An orc high priest (Orc:2)
  A satyr (Shoals:4)
  2 alligator snapping turtles (Shoals:4)
  A spriggan berserker (Depths:1)
  A hell knight (Depths:2)
  8 deep trolls
  2 orc knights
  4 ironbrand convokers
  A harpy (Shoals:2)
  2 orb spiders (Spider:4)
  A necromancer (D:15)
  2 wolf spiders
  4 ugly things
  A manticore (Shoals:4)
  A moth of wrath (Spider:4)
  An elephant (Lair:6)
  A merfolk siren (Shoals:4)
  A centaur skeleton (D:15)
  A spiny frog (Lair:3)
  7 yaktaurs (Vaults:4)
  A komodo dragon (Lair:6)
  A wind drake (Shoals:4)
  A harpy skeleton (D:15)
  2 jumping spiders
  3 hornets
  A snapping turtle (Shoals:4)
  A slime creature (Vaults:3)
  A hippogriff (Lair:5)
  12 blink frogs
  A spriggan (Depths:1)
  5 yaks
  2 humans (D:14)
  3 redbacks
  A chaos spawn (Depths:1)
  2 hell hounds (Orc:2)
  2 water moccasins
  An orc warrior (Vaults:4)
  A porcupine (Lair:5)
  4 ogres (Depths:1)
  A black bear (shapeshifter) (Vaults:3)
  A boggart (Vaults:3)
  2 wolves (Lair:4)
119 creatures vanquished.

Vanquished Creatures (others)
  A lich (Vaults:3)
  A yaktaur captain (Vaults:2)
  A centaur warrior (Depths:2)
  An ogre mage (Vaults:3)
  2 fauns
  A cyclops (Shoals:2)
  2 yaktaurs
  A fire bat (Volcano)
  An orc warrior (Orc:1)
  2 boggarts
  3 centaurs
  A bullfrog (Lair:4)
  An orc wizard (Orc:2)
  A white imp (Abyss:2)
  22 fungi
  39 plants
  9 withered plants
89 creatures vanquished.

Grand Total: 1722 creatures vanquished

Notes
Turn   | Place    | Note
-------+----------+-------------------------------------------
     0 | D:1      | ReteAZ the Gnoll Gladiator began the quest for the Orb.
     0 | D:1      | Reached XP level 1. HP: 20/20 MP: 1/1
   117 | D:1      | HP: 1/20 [kobold/+2 short sword of draining (1)]
   528 | D:1      | Reached XP level 2. HP: 26/26 MP: 2/2
   880 | D:2      | Reached XP level 3. HP: 22/31 MP: 3/3
   979 | D:2      | Found a glowing silver altar of Zin.
   992 | D:2      | Reached skill level 1 in Invocations
  1098 | D:2      | Noticed Natasha
  1109 | D:2      | Killed Natasha
  1109 | D:2      | Reached skill level 1 in Short Blades
  1109 | D:2      | Reached skill level 1 in Long Blades
  1109 | D:2      | Reached skill level 1 in Axes
  1109 | D:2      | Reached skill level 1 in Maces & Flails
  1109 | D:2      | Reached skill level 1 in Polearms
  1109 | D:2      | Reached skill level 1 in Staves
  1109 | D:2      | Reached skill level 1 in Slings
  1109 | D:2      | Reached skill level 1 in Bows
  1109 | D:2      | Reached skill level 1 in Crossbows
  1109 | D:2      | Reached skill level 1 in Armour
  1109 | D:2      | Reached skill level 1 in Stealth
  1109 | D:2      | Reached skill level 1 in Shields
  1109 | D:2      | Reached skill level 1 in Spellcasting
  1109 | D:2      | Reached skill level 1 in Evocations
  1109 | D:2      | Reached XP level 4. HP: 30/38 MP: 5/5
  1189 | D:2      | Reached skill level 1 in Conjurations
  1189 | D:2      | Reached skill level 1 in Hexes
  1189 | D:2      | Reached skill level 1 in Charms
  1189 | D:2      | Reached skill level 1 in Summonings
  1189 | D:2      | Reached skill level 1 in Necromancy
  1189 | D:2      | Reached skill level 1 in Translocations
  1189 | D:2      | Reached skill level 1 in Transmutations
  1189 | D:2      | Reached skill level 1 in Fire Magic
  1189 | D:2      | Reached skill level 1 in Ice Magic
  1189 | D:2      | Reached skill level 1 in Air Magic
  1189 | D:2      | Reached skill level 1 in Earth Magic
  1189 | D:2      | Reached skill level 1 in Poison Magic
  1599 | D:3      | Found a blossoming altar of Fedhas.
  1601 | D:3      | Found an iron altar of Okawaru.
  1613 | D:3      | Reached XP level 5. HP: 43/43 MP: 5/7
  2505 | D:4      | Reached XP level 6. HP: 50/50 MP: 8/8
  2512 | D:4      | Noticed Robin
  2579 | D:4      | Found a sparkling altar of Nemelex Xobeh.
  2582 | D:4      | Reached skill level 5 in Fighting
  2582 | D:4      | Reached skill level 5 in Throwing
  2722 | D:3      | Reached XP level 7. HP: 21/56 MP: 10/10
  3421 | D:4      | Killed Robin
  3498 | D:4      | Found a staircase to the Ecumenical Temple.
  3659 | D:5      | Entered Level 5 of the Dungeon
  3659 | D:5      | Found Keap's Book Shoppe.
  3703 | D:5      | Found a stormy altar of Qazlal.
  3765 | D:5      | Found Ykkurr's Lightly-Used Armoury.
  3786 | D:5      | Bought a -3 demon blade for 1 gold piece
  3786 | D:5      | Bought a -3 quick blade for 1 gold piece
  3786 | D:5      | Bought a -3 triple sword for 1 gold piece
  3797 | D:5      | Found a glowing drain.
  3876 | Sewer    | Entered a sewer
  3919 | Sewer    | Noticed Purgy
  3947 | Sewer    | Killed Purgy
  3947 | Sewer    | Reached XP level 8. HP: 23/63 MP: 12/12
  4503 | D:5      | Found a bloodstained altar of Trog.
  4807 | D:5      | Found a shattered altar of Ashenzari.
  4883 | D:6      | HP: 3/63 [orc priest/divine providence (12)]
  5194 | D:6      | Got a fine scale mail
  5205 | D:6      | Identified the +6 scale mail of the Monk {Dex+6} (You found
                  | it on level 6 of the Dungeon)
  5801 | D:6      | Noticed Menkaure
  5812 | D:6      | Killed Menkaure
  5828 | D:6      | Got a slimy dagger
  5829 | D:6      | Identified the +8 dagger of Iconoclasm {vorpal, rF+ rC+
                  | Int+4 Dex-5} (You found it on level 6 of the Dungeon)
  5861 | D:6      | Reached XP level 9. HP: 60/69 MP: 14/14
  6489 | Temple   | Entered the Ecumenical Temple
  6525 | Temple   | Became a worshipper of Cheibriados the Contemplative
  6984 | D:7      | Found a snail-covered altar of Cheibriados.
  7002 | D:7      | Found Feir's Distillery.
  7008 | D:7      | Bought a potion of curing for 42 gold pieces
  7008 | D:7      | Bought a potion of mutation for 112 gold pieces
  7057 | D:7      | Found an opulent altar of Gozag.
  7310 | D:7      | Noticed Duvessa
  7310 | D:7      | Noticed Dowan
  7320 | D:7      | Killed Duvessa
  7326 | D:7      | Killed Dowan
  7372 | D:7      | Reached * piety under Cheibriados
  7406 | D:7      | HP: 3/70 [orc priest/divine providence (10)]
  7794 | D:7      | Got a sparkling copper amulet
  7827 | D:7      | Identified the amulet of Gluttony {Inacc rN+} (You found it
                  | on level 7 of the Dungeon)
  7878 | D:7      | Identified the +2 robe of Generosity {+Blink Int-4 Slay+3
                  | Stlth+}
  7946 | D:7      | Reached skill level 5 in Invocations
  8183 | D:7      | Reached XP level 10. HP: 61/77 MP: 15/17
  8514 | D:8      | Reached skill level 5 in Short Blades
  8514 | D:8      | Reached skill level 5 in Long Blades
  8514 | D:8      | Reached skill level 5 in Axes
  8514 | D:8      | Reached skill level 5 in Maces & Flails
  8514 | D:8      | Reached skill level 5 in Polearms
  8514 | D:8      | Reached skill level 5 in Staves
  8514 | D:8      | Reached skill level 5 in Slings
  8514 | D:8      | Reached skill level 5 in Bows
  8514 | D:8      | Reached skill level 5 in Crossbows
  8514 | D:8      | Reached skill level 5 in Armour
  8514 | D:8      | Reached skill level 5 in Stealth
  8514 | D:8      | Reached skill level 5 in Shields
  8514 | D:8      | Reached skill level 5 in Spellcasting
  8514 | D:8      | Reached skill level 5 in Evocations
  8558 | D:8      | Noticed Erica
  8590 | D:8      | Killed Erica
  8590 | D:8      | Reached ** piety under Cheibriados
  9050 | D:8      | Found a shadowy altar of Dithmenos.
  9436 | D:8      | Noticed a two-headed ogre
  9445 | D:8      | Killed a two-headed ogre
  9535 | D:9      | Noticed Joseph
  9554 | D:9      | Killed Joseph
  9849 | D:9      | Found a staircase to the Lair.
  9874 | D:9      | Found a basalt altar of Yredelemnul.
 10040 | D:9      | Noticed Harold
 10063 | D:9      | Killed Harold
 10063 | D:9      | Reached XP level 11. HP: 37/84 MP: 19/19
 10321 | D:10     | Entered Level 10 of the Dungeon
 10439 | D:10     | Noticed a cyclops
 10459 | D:10     | Killed a cyclops
 10495 | D:10     | Reached *** piety under Cheibriados
 10723 | D:10     | Identified the cursed +0 robe of Generosity {+Inv rN++
                  | Dex-5}
 10992 | D:10     | Reached skill level 5 in Conjurations
 10992 | D:10     | Reached skill level 5 in Hexes
 10992 | D:10     | Reached skill level 5 in Charms
 10992 | D:10     | Reached skill level 5 in Summonings
 10992 | D:10     | Reached skill level 5 in Necromancy
 10992 | D:10     | Reached skill level 5 in Translocations
 10992 | D:10     | Reached skill level 5 in Transmutations
 10992 | D:10     | Reached skill level 5 in Fire Magic
 10992 | D:10     | Reached skill level 5 in Ice Magic
 10992 | D:10     | Reached skill level 5 in Air Magic
 10992 | D:10     | Reached skill level 5 in Earth Magic
 10992 | D:10     | Reached skill level 5 in Poison Magic
 11517 | D:11     | Reached **** piety under Cheibriados
 11534 | D:11     | Found a shattered altar of Ashenzari.
 11698 | D:11     | Noticed an eight-headed hydra
 11714 | D:11     | Killed an eight-headed hydra
 11838 | D:11     | Noticed a cyan ugly thing
 11846 | D:11     | Reached ***** piety under Cheibriados
 11861 | D:11     | Killed a cyan ugly thing
 12043 | D:11     | Found a staircase to the Orcish Mines.
 12198 | D:11     | Learned a level 4 spell: Summon Lightning Spire
 12236 | D:11     | Noticed a two-headed ogre
 12246 | D:11     | Killed a two-headed ogre
 12442 | D:12     | You fall into a shaft and drop 2 floors!
 12525 | D:14     | Reached XP level 12. HP: 93/93 MP: 22/22
 12866 | D:13     | Noticed a centaur warrior
 13014 | D:13     | Noticed a death knight
 13110 | D:13     | Killed a death knight
 13446 | D:13     | Noticed a sphinx
 13458 | D:13     | Paralysed by a sphinx for 3 turns
 13472 | D:13     | Killed a sphinx
 13811 | D:13     | Noticed a catoblepas
 13828 | D:13     | Killed a catoblepas
 14031 | D:13     | Reached skill level 10 in Dodging
 14031 | D:13     | Reached skill level 10 in Unarmed Combat
 14665 | D:12     | Found Cigaa's Jewellery Shoppe.
 14763 | Lair:1   | Entered Level 1 of the Lair of Beasts
 14889 | Lair:1   | Reached XP level 13. HP: 73/101 MP: 24/24
 15216 | Lair:1   | Found a runed translucent door.
 15217 | Lair:1   | Noticed Xuokyil's ghost (journeyman GnBe)
 15929 | Lair:2   | Found a staircase to the Shoals.
 16121 | Lair:2   | You fall into a shaft and drop 1 floor!
 16757 | D:5      | Bought a book of Cantrips for 260 gold pieces
 16759 | D:5      | Learned a level 1 spell: Apportation
 17483 | Lair:4   | Noticed Snorg
 17493 | Lair:4   | Killed Snorg
 17508 | Lair:4   | Reached ****** piety under Cheibriados
 17547 | Lair:4   | Found a dark tunnel.
 17577 | Volcano  | Entered a volcano
 17799 | Volcano  | Noticed a fire dragon
 17845 | Volcano  | Killed a fire dragon
 17999 | Volcano  | Found a radiant altar of Vehumet.
 18057 | Volcano  | Found a burning altar of Makhleb.
 18338 | Lair:4   | Reached XP level 14. HP: 82/109 MP: 22/26
 18822 | Lair:4   | Noticed Kirke
 18829 | Lair:4   | Killed Kirke
 18829 | Lair:4   | Reached skill level 10 in Fighting
 18829 | Lair:4   | Reached skill level 10 in Throwing
 19013 | Lair:4   | Found a hole to the Spider Nest.
 20179 | Lair:5   | Found a staircase to the Slime Pits.
 20346 | Lair:6   | Entered Level 6 of the Lair of Beasts
 20395 | Lair:6   | Reached skill level 10 in Invocations
 21359 | Lair:6   | Reached XP level 15. HP: 117/117 MP: 23/28
 21715 | Lair:6   | Found a runed translucent gate.
 21724 | Lair:6   | Noticed SpaceButler's ghost (journeyman DsNe)
 21748 | Lair:6   | Noticed Piu's ghost (journeyman GnTm)
 21750 | Lair:6   | Found a runed translucent gate.
 21750 | Lair:6   | Found a runed translucent gate.
 22383 | Lair:6   | Identified the Handbook of Destructive Execration
 23354 | Orc:1    | Entered Level 1 of the Orcish Mines
 23354 | Orc:1    | Noticed an orc warlord
 23449 | D:11     | Killed an orc warlord
 23788 | Orc:2    | Entered Level 2 of the Orcish Mines
 23791 | Orc:2    | Found a roughly hewn altar of Beogh.
 24000 | Orc:2    | Found a staircase to the Elven Halls.
 24612 | Orc:2    | Found Ojiptici's Food Emporium.
 24612 | Orc:2    | Found Nesiell's Book Shoppe.
 24612 | Orc:2    | Found Burek's Gadget Emporium.
 24616 | Orc:2    | Found Plog's Gadget Shoppe.
 24639 | Orc:2    | Reached skill level 10 in Short Blades
 24639 | Orc:2    | Reached skill level 10 in Long Blades
 24639 | Orc:2    | Reached skill level 10 in Axes
 24639 | Orc:2    | Reached skill level 10 in Maces & Flails
 24639 | Orc:2    | Reached skill level 10 in Polearms
 24639 | Orc:2    | Reached skill level 10 in Staves
 24639 | Orc:2    | Reached skill level 10 in Slings
 24639 | Orc:2    | Reached skill level 10 in Bows
 24639 | Orc:2    | Reached skill level 10 in Crossbows
 24639 | Orc:2    | Reached skill level 10 in Armour
 24639 | Orc:2    | Reached skill level 10 in Stealth
 24639 | Orc:2    | Reached skill level 10 in Shields
 24639 | Orc:2    | Reached skill level 10 in Spellcasting
 24639 | Orc:2    | Reached skill level 10 in Evocations
 24714 | Orc:2    | Found Omnyorox's Armour Shop.
 24722 | Orc:2    | Bought a +1 buckler of protection for 214 gold pieces
 24741 | Orc:2    | Noticed Urug
 24754 | Orc:2    | Killed Urug
 25023 | Orc:2    | Found a roughly hewn altar of Beogh.
 25036 | Orc:2    | Noticed Azrael
 25087 | Orc:2    | Killed Azrael
 25887 | D:12     | Learned a level 5 spell: Silence
 27471 | D:14     | Reached XP level 16. HP: 125/125 MP: 30/30
 27541 | D:14     | Identified a scroll of acquirement
 27541 | D:14     | Identified the +1 hunting sling of Xawkaumm {freeze, Int+2
                  | Dex+4 SInv} (You acquired it on level 14 of the Dungeon)
 27541 | D:14     | Identified the ring "Dullicw" {rPois rN+ Str-5 Int+5} (You
                  | acquired it on level 14 of the Dungeon)
 27563 | D:14     | Noticed Josephine
 27576 | D:14     | Killed Josephine
 27788 | D:14     | Found a gate to the Vaults.
 27930 | D:14     | Identified the Papyrus of Toxic Arcane Weapons
 28103 | D:15     | Entered Level 15 of the Dungeon
 28128 | D:15     | Noticed Rupert
 28135 | D:15     | Paralysed by Rupert for 3 turns
 28148 | D:15     | Killed Rupert
 29162 | D:15     | Found a staircase to the Depths.
 29434 | Shoals:1 | Entered Level 1 of the Shoals
 30073 | Shoals:1 | Noticed Nikola
 30460 | Shoals:2 | Noticed Ilsuiw
 31222 | Shoals:2 | Killed Ilsuiw
 31222 | Shoals:2 | Reached XP level 17. HP: 53/133 MP: 3/32
 31620 | Shoals:2 | Got a pair of translucent boots
 31631 | Shoals:2 | Identified the +2 pair of boots of Claustrophobia {rElec
                  | rC+} (You found it on level 2 of the Shoals)
 31871 | Shoals:1 | Killed Nikola
 32215 | Shoals:3 | Learned a level 5 spell: Fireball
 33106 | Shoals:4 | Entered Level 4 of the Shoals
 34459 | Shoals:4 | Learned a level 6 spell: Deflect Missiles
 34496 | Shoals:4 | Reached skill level 10 in Conjurations
 34496 | Shoals:4 | Reached skill level 10 in Hexes
 34496 | Shoals:4 | Reached skill level 10 in Charms
 34496 | Shoals:4 | Reached skill level 10 in Summonings
 34496 | Shoals:4 | Reached skill level 10 in Necromancy
 34496 | Shoals:4 | Reached skill level 10 in Translocations
 34496 | Shoals:4 | Reached skill level 10 in Transmutations
 34496 | Shoals:4 | Reached skill level 10 in Fire Magic
 34496 | Shoals:4 | Reached skill level 10 in Ice Magic
 34496 | Shoals:4 | Reached skill level 10 in Air Magic
 34496 | Shoals:4 | Reached skill level 10 in Earth Magic
 34496 | Shoals:4 | Reached skill level 10 in Poison Magic
 34804 | Shoals:4 | Got an ancient diamond amulet
 34852 | Shoals:4 | Reached XP level 18. HP: 123/141 MP: 25/33
 34927 | Shoals:4 | HP: 3/141 [wind drake/the air (22)]
 35309 | Shoals:4 | Got a barnacled rune of Zot
 35903 | Vaults:1 | Entered Level 1 of the Vaults
 35958 | Vaults:1 | Found a basalt altar of Yredelemnul.
 37473 | Vaults:1 | Found Qonuu's Antique Weapon Emporium.
 38166 | Lair:5   | Got a ruby-encrusted leather armour
 38177 | Lair:5   | Identified the cursed +1 leather armour of Articulation
                  | {rF++ Stlth+} (You found it on level 5 of the Lair of
                  | Beasts)
 38178 | Lair:5   | Identified the amulet "Wugaatt" {Inacc Dex+2} (You found it
                  | on level 4 of the Shoals)
 38374 | D:12     | Bought an uncursed ring of poison resistance for 300 gold
                  | pieces
 38524 | Spider:1 | Entered Level 1 of the Spider Nest
 40336 | Spider:3 | Reached XP level 19. HP: 149/149 MP: 35/35
 40598 | Spider:4 | Entered Level 4 of the Spider Nest
 41775 | Spider:4 | Got a gossamer rune of Zot
 43298 | Vaults:2 | Cast into level 2 of the Abyss (a deep elf demonologist)
 43365 | Abyss:2  | Noticed a bone dragon
 43533 | Abyss:2  | Noticed an ancient lich
 43993 | Vaults:2 | Escaped the Abyss
 44432 | Vaults:2 | Reached XP level 20. HP: 120/157 MP: 33/36
 44727 | Vaults:2 | You fall into a shaft and drop 1 floor!
 46241 | Vaults:2 | Found a staircase to the Crypt.
 46443 | Vaults:2 | Found a runed translucent gate.
 46443 | Vaults:2 | Found a runed translucent gate.
 46443 | Vaults:2 | Found a runed translucent gate.
 46500 | Vaults:2 | Noticed Giunugho's ghost (veteran MiFi)
 46841 | Vaults:4 | Noticed Aizul
 46858 | Vaults:4 | Killed Aizul
 47351 | Vaults:4 | Noticed Frederick
 47393 | Vaults:4 | Killed Frederick
 47860 | Vaults:4 | Reached XP level 21. HP: 147/165 MP: 33/38
 48552 | Depths:1 | Entered Level 1 of the Depths
 48745 | Depths:1 | Found a one-way gate leading to the halls of Pandemonium.
 48748 | Depths:1 | Found a gateway to Hell.
 49333 | Depths:1 | Found a one-way gate to the infinite horrors of the Abyss.
 50045 | Depths:2 | Found a transporter.
 50049 | Depths:2 | Found the ring of Phasing {EV+8}
 50049 | Depths:2 | Identified the +5 lajatang of Fuammizo {distort, *Rage rC++
                  | Int+4}
 50090 | Depths:2 | Noticed Xeugg's ghost (adept DsGl)
 50211 | Depths:2 | Reached skill level 15 in Dodging
 50211 | Depths:2 | Reached skill level 15 in Unarmed Combat
 50587 | Depths:2 | Reached skill level 15 in Invocations
 50750 | Depths:2 | Found a transporter.
 52005 | Depths:2 | Reached XP level 22. HP: 123/173 MP: 37/40
 52744 | Depths:2 | Found a runed door.
 52785 | Depths:2 | HP: 4/173 [soul eater/drain life (20)]
 52787 | Depths:2 | Killed from afar by a soul eater

Levels and vault maps discovered:
D:1:      saegor_arrival_simple_b, layout_basic, minmay_tripent
D:2:      layout_loops_ring, zin_scriptorium, uniq_natasha
D:3:      layout_loops_corners, chequers_temple_overflow_statue_of_worship,
          first_ration
D:4:      minmay_diamond_boxcup, layout_cave_pools,
          nemelex_xobeh_ov_fountains_minmay, minmay_temple_entry_glassed_door,
          serial_glass, glass_columns_c, glass_columns_a, glass_columns_a,
          uniq_robin
D:5:      layout_cave_pools, lemuel_coloured_pillars_altar,
          nicolae_qazlal_general_emergency, kennysheep_little_box, serial_shops,
          shop, cheibrodos_sewer_entry_drain, minmay_shop_damaged
D:6:      layout_loops_cross, uniq_menkaure
D:7:      layout_basic, grunt_gozag_statues, serial_shops,
          nicolae_shop_temple_entry_statues_fountains, basic_altar,
          grunt_livestock, minivault_5, uniq_duvessa
D:8:      layout_basic, nicolae_dithmenos_shadow_blocks, uniq_erica
D:9:      layout_basic, kennysheep_mini_moat, lair_entry_dummy, uniq_harold,
          uniq_joseph
D:10:     layout_rooms, serial_co_window_serial, co_window_of_opportunity_a,
          co_window_paths_b, co_window_paths_b, co_window_corner_a,
          co_window_paths_b, co_window_of_opportunity_b, co_window_corner_b,
          co_window_corner_b, co_window_4corner_a, glass_columns_a,
          glass_columns_a, glass_columns_b, glass_columns_a,
          kennysheep_generic_room_7
D:11:     layout_roguey, zombieorc2_lemuel, basic_altar,
          statue_in_the_mist_lemuel
D:12:     layout_long_grid, serial_shops, shop, st_stairs_3
D:13:     layout_big_octagon, serial_undead, serial_undead_b, serial_undead_b,
          serial_undead_f, serial_undead_c, minmay_three_doors
D:14:     layout_basic, grunt_vaults_entry_tiered, minmay_misc_feat_x,
          minmay_variable_closet, uniq_josephine
D:15:     grunt_enter_depths_snipers, layout_irregular_city,
          corexii_corridor_pit, hangedman_abyss_or_decor_stabs,
          hangedman_decor_opposing, uniq_rupert
Temple:   nicolae_temple_hex_pool
Lair:1:   layout_cave_shapes, ebering_ghost_reflecting_pool, grunt_megastairs_3
Lair:2:   layout_gridlike, elwin_shoals_entry_rocks, grunt_megastairs_4,
          minmay_lair_oklob_chamber
Lair:3:   layout_chaotic_city
Lair:4:   layout_cave_pods, spider_nest_entry_webs,
          lightli_volcano_entry_magma_tube, grunt_megastairs_1, uniq_kirke,
          uniq_snorg
Lair:5:   layout_long_grid, minmay_slime_entry_oklob_open, grunt_megastairs_5
Lair:6:   due_jungle_book, layout_loops_ring, gammafunk_ghost_cemetery,
          bh_autumn_forest_stairs
Shoals:1: layout_shoals, uniq_nikola
Shoals:2: layout_shoals, nicolae_shoals_isolated_beach, uniq_ilsuiw
Shoals:3: layout_shoals, nicolae_shoals_water_shrine
Shoals:4: shoals_end_hangedman, layout_shoals, shoal_ilsuiw
Spider:1: layout_spider_delve
Spider:2: layout_spider_delve, drop_trap
Spider:3: layout_spider_delve
Spider:4: grunt_spider_rune_circles, guppyfry_spider_mini_1
Orc:1:    layout_caves
Orc:2:    st_orc_mages, layout_caves, serial_shops, shop, basic_altar,
          mines1_david, uniq_urug, uniq_azrael
Vaults:1: v_misc_14, ontoclasm_vaults_idyll, vaults_room_fours,
          hangedman_vaults_impose, nicolae_vaults_bisected_exclaves,
          hangedman_vaults_cutoff, vaults_room_stairs_pillars,
          ontoclasm_vaults_gallery, hangedman_vaults_restitches, serial_ice_h,
          grunt_vaults_swirl, hangedman_vaults_slice, vaults_dpeg_ring,
          grunt_vaults_hallway_short, layout_vaults_maze_bifur, serial_shops,
          shop, basic_altar
Vaults:2: gammafunk_vaults_ghost_tricky_traps, vaults_standard_mumra_lines,
          hangedman_vaults_restitches, hangedman_vaults_stagger,
          nicolae_vaults_network_star, vaults_room_hallway,
          minmay_crypt_entry_skeletal_spiral, nicolae_vaults_mini_display_case,
          nicolae_vaults_stairing_the_circle, v_misc_23, v_misc_13,
          hangedman_vaults_stretched_pinwheel, layout_vaults_ring
Vaults:3: st_lines, vaults_mumra_lcd, hangedman_vaults_capsules, v_misc_19,
          nicolae_vaults_rhombus_6, vaults_room_semicircle, vaults_room_pools,
          layout_vaults_quadrants
Vaults:4: v_pattern_4, nicolae_vaults_specimen_jars, hangedman_vaults_nails,
          v_alt_pattern_4, v_alt_pattern_6, nicolae_vaults_big_ls,
          nicolae_vaults_ring_of_whatevers, ontoclasm_vaults_misaligned,
          vaults_room_semicircle, ontoclasm_vaults_loading_screen, v_misc_12,
          nicolae_vaults_an_arrangement, v_misc_13, v_alt_pattern_1,
          nicolae_vaults_little_squares_4, nicolae_vaults_diagonal_hallway_6,
          layout_vaults_omnibox, uniq_aizul, uniq_frederick
Depths:1: layout_gridlike, hell_entry, abyss_entry, bh_walls_and_bars,
          rand_demon_pan_entry_5, lemuel_flamethrower_1
Depths:2: evilmike_wizard_prison, layout_cave_shapes, abyss_entry_crystal,
          special_room [special_room_mythical_zoo],
          gammafunk_ghost_abyssal_escape, pan_entry,
          pf_vacation_house_of_asmodeus, kennysheep_donut, serial_bayou_pond_b,
          minmay_fountain_box

Skill      XL: |  1  2  3  4  5  6  7  8  9 10 11 12 13 14 15 16 17 18 19 20 21 |
---------------+----------------------------------------------------------------+-----
Invocations    | 1 2 3 4 5 6 7 8 9 10 11 12 13 14 15 | 15.2
Short Blades   | 1 2 3 4 5 6 7 8 9 10 11 12 13 14 | 14.1
Long Blades    | 1 2 3 4 5 6 7 8 9 10 11 12 13 14 | 14.1
Axes           | 1 2 3 4 5 6 7 8 9 10 11 12 13 14 | 14.1
Maces & Flails | 1 2 3 4 5 6 7 8 9 10 11 12 13 14 | 14.1
Polearms       | 1 2 3 4 5 6 7 8 9 10 11 12 13 14 | 14.1
Staves         | 1 2 3 4 5 6 7 8 9 10 11 12 13 14 | 14.1
Slings         | 1 2 3 4 5 6 7 8 9 10 11 12 13 14 | 14.1
Bows           | 1 2 3 4 5 6 7 8 9 10 11 12 13 14 | 14.1
Crossbows      | 1 2 3 4 5 6 7 8 9 10 11 12 13 14 | 14.1
Armour         | 1 2 3 4 5 6 7 8 9 10 11 12 13 14 | 14.1
Stealth        | 1 2 3 4 5 6 7 8 9 10 11 12 13 14 | 14.1
Shields        | 1 2 3 4 5 6 7 8 9 10 11 12 13 14 | 14.1
Spellcasting   | 1 2 3 4 5 6 7 8 9 10 11 12 13 14 | 14.1
Evocations     | 1 2 3 4 5 6 7 8 9 10 11 12 13 14 | 14.1
Conjurations   | 1 2 3 4 5 6 7 8 9 10 11 12 | 12.2
Hexes          | 1 2 3 4 5 6 7 8 9 10 11 12 | 12.2
Charms         | 1 2 3 4 5 6 7 8 9 10 11 12 | 12.2
Summonings     | 1 2 3 4 5 6 7 8 9 10 11 12 | 12.2
Necromancy     | 1 2 3 4 5 6 7 8 9 10 11 12 | 12.2
Translocations | 1 2 3 4 5 6 7 8 9 10 11 12 | 12.2
Transmutations | 1 2 3 4 5 6 7 8 9 10 11 12 | 12.2
Fire Magic     | 1 2 3 4 5 6 7 8 9 10 11 12 | 12.2
Ice Magic      | 1 2 3 4 5 6 7 8 9 10 11 12 | 12.2
Air Magic      | 1 2 3 4 5 6 7 8 9 10 11 12 | 12.2
Earth Magic    | 1 2 3 4 5 6 7 8 9 10 11 12 | 12.2
Poison Magic   | 1 2 3 4 5 6 7 8 9 10 11 12 | 12.2
Fighting       | 5 6 7 8 9 10 11 12 13 14 | 14.7
Throwing       | 5 6 7 8 9 10 11 12 13 14 | 14.7
Dodging        | 7 8 9 10 11 12 13 14 15 | 15.3
Unarmed Combat | 7 8 9 10 11 12 13 14 15 | 15.3

Action                   |  1- 3 |  4- 6 |  7- 9 | 10-12 | 13-15 | 16-18 | 19-21 | 22-24 || total
-------------------------+-------+-------+-------+-------+-------+-------+-------+-------++-------
Melee: Unarmed           |    13 |       |   138 |   142 |  1186 |  1563 |  1775 |    92 ||  4909
       Short sword       |    79 |   232 |   124 |       |       |       |       |       ||   435
       Bite              |    16 |    26 |    78 |   179 |   357 |   370 |   464 |    20 ||  1510
       Punch             |       |     8 |    20 |    14 |       |       |       |       ||    42
       Triple sword      |       |       |    17 |       |       |       |       |       ||    17
       Quick blade       |       |       |    10 |       |       |       |       |       ||    10
       Dagger            |       |       |   240 |   625 |   240 |       |       |       ||  1105
Throw: Throwing net      |       |       |       |     2 |       |     1 |       |       ||     3
       Javelin           |       |       |       |       |       |    50 |    66 |     2 ||   118
 Cast: Summon Lightning  |       |       |       |     4 |    35 |    15 |    39 |     2 ||    95
       Apportation       |       |       |       |       |     4 |       |       |       ||     4
       Silence           |       |       |       |       |     1 |     7 |     5 |       ||    13
       Fireball          |       |       |       |       |       |    60 |     4 |       ||    64
       Deflect Missiles  |       |       |       |       |       |     1 |     3 |       ||     4
Invok: Slouch            |       |       |       |     5 |    16 |    17 |    12 |       ||    50
Evoke: Wand              |       |       |     7 |     7 |    12 |     6 |     1 |     3 ||    36
  Use: Scroll            |       |       |    16 |     9 |    17 |     6 |     8 |       ||    56
       Potion            |       |       |     2 |     3 |       |     8 |     5 |     2 ||    20
 Stab: Sleeping          |     1 |     3 |     3 |     9 |    19 |    25 |    32 |     2 ||    94
       Distracted        |       |       |     2 |     2 |    24 |    11 |    55 |     3 ||    97
       Paralysed         |       |       |       |     2 |     6 |       |       |       ||     8
       Held in net/web   |       |       |       |     2 |       |       |     1 |       ||     3
       Confused          |       |       |       |       |     6 |       |       |       ||     6
       Petrified         |       |       |       |       |     2 |       |       |       ||     2
       Invisible         |       |       |       |       |       |     1 |       |       ||     1
  Eat: Chunk             |     1 |     5 |    16 |    19 |    25 |    29 |    22 |     1 ||   118
       Ration            |       |       |     1 |       |       |       |     1 |       ||     2
Armor: Leather armour    |    25 |    72 |    56 |       |       |       |       |       ||   153
       Scale mail        |       |       |    99 |   214 |   259 |   379 |   317 |     9 ||  1277
       Skin              |       |       |       |     1 |       |       |       |       ||     1
Dodge: Dodged            |    81 |   190 |   410 |   530 |  1035 |  1463 |  1272 |    80 ||  5061
       Deflected         |       |       |       |       |       |     9 |    16 |       ||    25
Block: Buckler           |       |       |       |   203 |   824 |   941 |       |       ||  1968
       Reflection        |       |       |       |       |    26 |    49 |    52 |       ||   127
       Kite shield       |       |       |       |       |       |   494 |  1814 |    80 ||  2388
       Rpst.: Triple sword |       |       |     4 |       |       |       |       |       ||     4

Table legend:
 A = Non-vault XP
 B = Vault XP
 C = Vault XP percentage of total XP
 D = Non-vault monster count
 E = Vault monster count
 F = Vault count percentage of total count
                 A         B        C        D         E       F
            +---------+---------+-------+---------+---------+-------
      Total |  388336 |  219383 |  36.1 |    1147 |     492 |  30.0
            +---------+---------+-------+---------+---------+-------
        D:1 |      23 |       3 |  11.5 |      16 |       2 |  11.1
        D:2 |      97 |      33 |  25.4 |      27 |       1 |   3.6
        D:3 |     175 |       8 |   4.4 |      24 |       4 |  14.3
        D:4 |     372 |     129 |  25.7 |      20 |      16 |  44.4
        D:5 |     675 |       4 |   0.6 |      19 |       3 |  13.6
        D:6 |    1203 |     183 |  13.2 |      26 |       1 |   3.7
        D:7 |    1065 |    1196 |  52.9 |      24 |       7 |  22.6
        D:8 |    1525 |     918 |  37.6 |      12 |       1 |   7.7
        D:9 |    1125 |    1426 |  55.9 |      17 |       2 |  10.5
       D:10 |    2668 |      43 |   1.6 |      31 |       1 |   3.1
       D:11 |    6567 |     929 |  12.4 |      48 |      36 |  42.9
       D:12 |    6242 |     299 |   4.6 |      15 |       2 |  11.8
       D:13 |   11307 |    3900 |  25.6 |      32 |       6 |  15.8
       D:14 |    6268 |    7445 |  54.3 |      23 |      29 |  55.8
       D:15 |   13564 |    4956 |  26.8 |      37 |       4 |   9.8
     Lair:1 |    3806 |     231 |   5.7 |      24 |       3 |  11.1
     Lair:2 |    2112 |     762 |  26.5 |      13 |       3 |  18.8
     Lair:3 |    6324 |       0 |   0.0 |      30 |       0 |   0.0
     Lair:4 |    9085 |    3271 |  26.5 |      29 |       9 |  23.7
     Lair:5 |    3991 |    2334 |  36.9 |      17 |      13 |  43.3
     Lair:6 |   31329 |    2244 |   6.7 |      59 |       5 |   7.8
   Shoals:1 |    4533 |    4260 |  48.4 |      10 |       1 |   9.1
   Shoals:2 |   18142 |    6671 |  26.9 |      38 |       9 |  19.1
   Shoals:3 |   20030 |    5205 |  20.6 |      40 |      10 |  20.0
   Shoals:4 |   19705 |   23054 |  53.9 |      42 |      37 |  46.8
   Spider:1 |   12987 |       0 |   0.0 |      41 |       0 |   0.0
   Spider:2 |    9303 |       0 |   0.0 |      24 |       0 |   0.0
   Spider:3 |   10625 |    1283 |  10.8 |      35 |       1 |   2.8
   Spider:4 |   13593 |   20019 |  59.6 |      42 |      42 |  50.0
      Orc:1 |    1301 |       0 |   0.0 |      16 |       0 |   0.0
      Orc:2 |    4099 |    7320 |  64.1 |      32 |      51 |  61.4
   Vaults:1 |   12460 |   14867 |  54.4 |      32 |      29 |  47.5
   Vaults:2 |   18456 |   30171 |  62.0 |      23 |      50 |  68.5
   Vaults:3 |   26454 |    5580 |  17.4 |      52 |      10 |  16.1
   Vaults:4 |   24248 |   27074 |  52.8 |      45 |      33 |  42.3
   Depths:1 |   31930 |    3138 |   8.9 |      47 |       4 |   7.8
   Depths:2 |   37615 |   35355 |  48.5 |      59 |      36 |  37.9
    Abyss:2 |   13332 |       0 |   0.0 |      26 |       0 |   0.0
      Sewer |       0 |     144 | 100.0 |       0 |       7 | 100.0
    Volcano |       0 |    4928 | 100.0 |       0 |      24 | 100.0
            +---------+---------+-------+---------+---------+-------
